 Dungeon Crawl Stone Soup version 0.28.0 (webtiles) character file.

Game seed: 18212807163662858753

357 cayde69 the Shield-Bearer (level 6, -1/53 HPs)
             Began as a Gnoll Fighter on Feb 7, 2022.
             Was a Follower of Yredelemnul.
             Slain by a gnoll (8 damage)
             ... on level 4 of the Dungeon.
             The game lasted 00:07:59 (3482 turns).

cayde69 the Shield-Bearer (Gnoll Fighter)           Turns: 3482, Time: 00:07:59

Health: -1/53      AC: 10    Str: 18    XL:     6   Next: 64%
Magic:  9/9        EV: 10    Int:  7    God:    Yredelemnul [*.....]
Gold:   118        SH:  0    Dex: 11    Spells: 9/9 levels left

rFire   . . .      SeeInvis .   r - +3 quarterstaff (chaos)
rCold   . . .      Faith    .   (shield currently unavailable)
rNeg    . . .      Spirit   .   b - +0 scale mail
rPois   .          Reflect  .   e - +0 helmet
rElec   .          Harm     .   s - +0 cloak
rCorr   .          Rampage  .   (no gloves)
Will    .....                   (no boots)
Stlth   ..........              (no amulet)
HPRegen 0.17/turn               (no ring)
MPRegen 0.11/turn               (no ring)

@: mighty, lethally poisoned (-1 -> -11)
A: fangs 1, strong nose, distributed training
a: Renounce Religion, Recall Undead Harvest


You were on level 4 of the Dungeon.
You worshipped Yredelemnul.
Yredelemnul was noncommittal.
You visited 1 branch of the dungeon, and saw 4 of its levels.

You collected 118 gold pieces.

Inventory:

Hand Weapons
 a - a +0 long sword
 p - a +1 mace of draining
 r - a +3 quarterstaff of chaos (weapon)
Missiles
 f - 71 stones (quivered)
 o - 4 silver boomerangs
Armour
 b - a +0 scale mail (worn)
 e - a +0 helmet (worn)
 s - a +0 cloak (worn)
 x - a +2 leather armour of poison resistance
Jewellery
 u - an amulet of the acrobat
Wands
 q - a wand of digging (8)
 w - a wand of acid (6)
Scrolls
 j - a scroll of amnesia {unknown}
 k - 2 scrolls of acquirement {unknown}
 l - 2 scrolls of identify {unknown}
 m - a scroll of brand weapon {unknown}
 n - a scroll of teleportation {unknown}
 t - a scroll of vulnerability {unknown}
 y - a scroll of fog {unknown}
Potions
 c - a potion of attraction {unknown}
 d - a potion of might
 g - a potion of lignification {unknown}
 h - a potion of degeneration {unknown}
 i - 2 potions of mutation {unknown}
 v - a potion of heal wounds {unknown}


   Skills:
 + Level 6.8 Fighting
 + Level 2.0 Short Blades
 + Level 5.0 Long Blades
 + Level 2.0 Axes
 + Level 2.0 Maces & Flails
 + Level 2.0 Polearms
 + Level 2.0 Staves
 + Level 2.0 Slings
 + Level 2.0 Bows
 + Level 2.0 Crossbows
 + Level 2.0 Throwing
 + Level 6.8 Armour
 + Level 2.0 Dodging
 + Level 2.0 Stealth
 + Level 6.8 Shields
 + Level 2.0 Unarmed Combat
 + Level 2.0 Spellcasting
 + Level 1.6 Conjurations
 + Level 1.6 Hexes
 + Level 1.6 Summonings
 + Level 1.6 Necromancy
 + Level 1.6 Translocations
 + Level 1.6 Transmutations
 + Level 1.6 Fire Magic
 + Level 1.6 Ice Magic
 + Level 1.6 Air Magic
 + Level 1.6 Earth Magic
 + Level 1.6 Poison Magic
 + Level 2.2 Invocations
 + Level 2.0 Evocations


You had 9 spell levels left.
You didn't know any spells.
Your spell library was empty.

Dungeon Overview and Level Annotations

Branches:
Dungeon (4/15)
 Temple: D:4-7

Altars:
Yredelemnul

Shops:
D:2 !*


Innate Abilities, Weirdness & Mutations

You have very sharp teeth.
Your uncanny sense of smell can sniff out nearby items.
Your experience applies equally to all skills.


Message History

The gnoll hits you from afar with a +0 spear.
The gnoll shaman hits you but does no damage.
Okay, then.
You bludgeon the gnoll shaman!!
The gnoll shaman is poisoned.
The gnoll shaman is almost dead.
The gnoll closely misses you. The gnoll hits you with a +0 spear.
Something stings you but does no damage.
The gnoll hits you from afar with a +0 spear. x2
The gnoll shaman calls upon its god to speed up the gnoll.
The gnoll seems to speed up.
The gnoll hits you with a +0 spear. The gnoll closely misses you.
Something stings you but does no damage.
You hit the gnoll shaman.
You kill the gnoll shaman!
A black mist starts to gather...
The gnoll hits you but does no damage.
Your orc zombie hits the gnoll but does no damage.
The gnoll hits you from afar with a +0 spear.
Something stings you but does no damage.
The gnoll hits you but does no damage. x2; The gnoll hits you with a +0 spear.
You closely miss the gnoll. Your bite misses the gnoll.
The gnoll hits you from afar with a +0 spear.
Something stings you.
* * * LOW HITPOINT WARNING * * *
You are poisoned.
Something poisons you! The gnoll hits you but does no damage.
Your orc zombie closely misses the gnoll.
The gnoll hits you but does no damage. The gnoll hits you with a +0 spear.
* * * LOW HITPOINT WARNING * * *
Your orc zombie hits the gnoll but does no damage.
The gnoll hits you but does no damage.
You are too injured to fight recklessly!
You closely miss the gnoll.
* * * LOW HITPOINT WARNING * * *
You feel very sick. Something completely misses you.
The gnoll hits you from afar with a +0 spear.
* * * LOW HITPOINT WARNING * * *
The gnoll hits you from afar with a +0 spear!
You die...
Your body rises from the dead as a mindless zombie.

#.###Z#######.
##.............
....>.#.############
#####...............
...................
...#####..........:.
.# #....#.:..#..
###Z..Zg.....
#.Z@Z##.... ∆
#.{gZ##....
#...gg.....
#...#....#..
#............
..............
###...$.####...
#...### ###


You could see 4 gnolls, a friendly gnoll shaman zombie, 2 friendly orc zombies,
a friendly orc wizard zombie and the friendly Ijyb the goblin zombie.

Vanquished Creatures
  A gnoll shaman (D:4)
  2 orc priests
  Crazy Yiuf (D:2)
  Ijyb (D:4)
  An orc wizard (D:4)
  4 adders (D:2)
  3 gnolls (D:3)
  3 worms (D:2)
  2 dart slugs
  10 orcs
  7 endoplasms
  5 giant cockroaches
  3 hobgoblins
  2 jackals (D:1)
  4 ball pythons (D:1)
  8 bats
  2 frilled lizards (D:3)
  6 goblins
  5 kobolds
  4 rats
74 creatures vanquished.

Vanquished Creatures (collateral kills)
  A gnoll (D:3)
  2 adders (D:2)
  A ball python (D:2)
  An endoplasm (D:1)
  A goblin (D:1)
  A bat (D:1)
  2 kobolds
9 creatures vanquished.

Vanquished Creatures (others)
  A bat zombie (D:1)
  A frilled lizard zombie (D:3)
  A goblin zombie (D:3)
  A kobold zombie (D:3)
  2 spectral endoplasms
  6 plants (D:3)
12 creatures vanquished.

Grand Total: 95 creatures vanquished

Notes
Turn   | Place    | Note
-------+----------+-------------------------------------------
     0 | D:1      | cayde69 the Gnoll Fighter began the quest for the Orb.
     0 | D:1      | Reached XP level 1. HP: 23/23 MP: 1/1
   216 | D:1      | Found a faded altar of an unknown god.
   232 | D:1      | Reached XP level 2. HP: 24/29 MP: 2/2
   279 | D:1      | Prayed at the altar of an unknown god.
   279 | D:1      | Became a worshipper of Yredelemnul the Dark
   279 | D:1      | Reached * piety under Yredelemnul
   479 | D:1      | Reached XP level 3. HP: 33/35 MP: 3/3
   532 | D:1      | Reached ** piety under Yredelemnul
   809 | D:2      | Reached skill level 1 in Invocations
   833 | D:2      | Found Rurph's Distillery.
   845 | D:2      | Reached skill level 1 in Short Blades
   845 | D:2      | Reached skill level 1 in Axes
   845 | D:2      | Reached skill level 1 in Maces & Flails
   845 | D:2      | Reached skill level 1 in Polearms
   845 | D:2      | Reached skill level 1 in Staves
   845 | D:2      | Reached skill level 1 in Slings
   845 | D:2      | Reached skill level 1 in Bows
   845 | D:2      | Reached skill level 1 in Crossbows
   845 | D:2      | Reached skill level 1 in Throwing
   845 | D:2      | Reached skill level 1 in Dodging
   845 | D:2      | Reached skill level 1 in Stealth
   845 | D:2      | Reached skill level 1 in Unarmed Combat
   845 | D:2      | Reached skill level 1 in Spellcasting
   845 | D:2      | Reached skill level 1 in Evocations
   845 | D:2      | Reached XP level 4. HP: 40/41 MP: 5/5
   877 | D:2      | Found Usiud's Assorted Antiques.
  1044 | D:2      | Reached skill level 1 in Conjurations
  1044 | D:2      | Reached skill level 1 in Hexes
  1044 | D:2      | Reached skill level 1 in Summonings
  1044 | D:2      | Reached skill level 1 in Necromancy
  1044 | D:2      | Reached skill level 1 in Translocations
  1044 | D:2      | Reached skill level 1 in Transmutations
  1044 | D:2      | Reached skill level 1 in Fire Magic
  1044 | D:2      | Reached skill level 1 in Ice Magic
  1044 | D:2      | Reached skill level 1 in Air Magic
  1044 | D:2      | Reached skill level 1 in Earth Magic
  1044 | D:2      | Reached skill level 1 in Poison Magic
  1225 | D:2      | Reached XP level 5. HP: 30/47 MP: 6/6
  1391 | D:2      | Found a runed translucent door.
  1392 | D:2      | Noticed Crazy Yiuf
  1783 | D:2      | Killed Crazy Yiuf
  2418 | D:3      | Reached XP level 6. HP: 21/53 MP: 8/8
  3253 | D:4      | Reached skill level 5 in Long Blades
  3423 | D:4      | Noticed Ijyb
  3433 | D:4      | Killed Ijyb
  3482 | D:4      | Slain by a gnoll

Illustrated notes

Levels and vault maps discovered:
D:1:      dpeg_arrival_signposts, layout_rooms,
          hellmonk_ecumenical_altar_blasted
D:2:      layout_basic, serial_shops, shop, shop_fountains,
          uniq_crazy_yiuf_cottage
D:3:      wad_lake_hut, layout_basic
D:4:      layout_loops_ring, skrybe_limestone_x, uniq_ijyb

Skill      XL: |  1  2  3  4  5  6 |
---------------+-------------------+-----
Invocations    | 1 2 |  2.2
Short Blades   | 1 2 |  2.0
Axes           | 1 2 |  2.0
Maces & Flails | 1 2 |  2.0
Polearms       | 1 2 |  2.0
Staves         | 1 2 |  2.0
Slings         | 1 2 |  2.0
Bows           | 1 2 |  2.0
Crossbows      | 1 2 |  2.0
Throwing       | 1 2 |  2.0
Dodging        | 1 2 |  2.0
Stealth        | 1 2 |  2.0
Unarmed Combat | 1 2 |  2.0
Spellcasting   | 1 2 |  2.0
Evocations     | 1 2 |  2.0
Conjurations   | 1 |  1.6
Hexes          | 1 |  1.6
Summonings     | 1 |  1.6
Necromancy     | 1 |  1.6
Translocations | 1 |  1.6
Transmutations | 1 |  1.6
Fire Magic     | 1 |  1.6
Ice Magic      | 1 |  1.6
Air Magic      | 1 |  1.6
Earth Magic    | 1 |  1.6
Poison Magic   | 1 |  1.6
Long Blades    | 5 |  5.0
Fighting       | |  6.8
Armour         | |  6.8
Shields        | |  6.8

Action                   |  1- 3 |  4- 6 || total
-------------------------+-------+-------++-------
Melee: Long sword        |    87 |    39 ||   126
       Bite              |     2 |     9 ||    11
       Quarterstaff      |       |    67 ||    67
       Mace              |       |    14 ||    14
  Use: Potion            |       |     1 ||     1
 Stab: Distracted        |       |     1 ||     1
Armor: Scale mail        |    52 |    58 ||   110
Dodge: Dodged            |    49 |    66 ||   115
Block: Buckler           |    33 |     9 ||    42
